Map: Solaris LE

Players

Denzo

  • Race: Protoss Protoss
  • Spawn Location: 1:00

Subwayeatn

  • Race: Protoss Protoss
  • League: Diamond
  • Spawn Location: 7:00

Dan

  • Race: Terran Terran

fiddlermcgee

  • Race: Terran Terran

VOD

Have the link to the VOD?

Description

Time

  • Played on: Nov. 16, 2023, 2:43 p.m.
  • Length: 8:45
Show
View Real Time Build Order
Export as new Build Order

Denzo Protoss 

Build Orders: 1 Gate Expand, Zealot Archon 

Get SALT Encoding   

  12  0:00  Probe  
  13  0:12  Probe  
  14  0:19  Pylon  
  14  0:24  Probe  
  15  0:37  Probe  
  15  0:39  Gateway  
  16  0:52  Assimilator  
  16  0:54  Probe  
  17  1:06  Probe  
  18  1:18  Probe  
  19  1:25  Nexus  
  19  1:37  Cybernetics Core  
  19  1:42  Probe  
  20  1:54  Probe, Assimilator  
  20  1:56  Pylon  
  21  2:06  Probe  
  22  2:16  Warp Gate  
  22  2:17  Stalker (Chrono Boost)  
  22  2:18  Probe  
  25  2:30  Probe  
  26  2:37  Probe  
  26  2:43  Probe, Stalker  
  30  2:50  Probe (Chrono Boost)  
  30  2:51  Robotics Facility  
  31  2:55  Probe (Chrono Boost)  
  32  3:01  Probe (Chrono Boost)  
  32  3:04  Probe (Chrono Boost)  
  34  3:07  Probe (Chrono Boost)  
  35  3:15  Gateway  
  35  3:17  Gateway  
  35  3:19  Probe x2  
  37  3:25  Pylon  
  37  3:31  Probe x2  
  40  3:42  Observer, Twilight Council  
  40  3:43  Probe x2  
  42  3:55  Probe x2  
  44  4:02  Nexus  
  44  4:07  Probe x2  
  44  4:09  Pylon  
  46  4:14  Stalker  
  46  4:16  Blink (Chrono Boost), Stalker  
  50  4:19  Probe x2  
  52  4:25  Stalker  
  52  4:29  Assimilator  
  54  4:33  Pylon, Probe  
  54  4:34  Probe  
  56  4:39  Pylon  
  56  4:49  Stalker x3  
  62  4:56  Probe  
  62  4:57  Probe  
  64  5:06  Assimilator  
  64  5:13  Templar Archives  
  64  5:16  Pylon  
  64  5:18  Gateway  
  64  5:20  Gateway  
  64  5:21  Gateway x2  
  64  5:30  Pylon  
  64  5:32  Zealot  
  64  5:33  Zealot x2  
  70  5:36  Probe x2  
  72  5:43  Probe  
  72  5:48  Probe x2  
  75  5:50  Psionic Storm  
  75  5:55  Probe  
  75  5:57  Pylon  
  76  6:00  Pylon, Probe x2  
  76  6:02  Zealot x2  
  82  6:07  Probe  
  82  6:12  Probe x2  
  84  6:21  Stalker x3  
  84  6:23  High Templar x2  
  94  6:27  Probe x3  
  94  6:30  Assimilator  
  97  6:33  Shield Battery  
  97  6:37  Forge  
  97  6:39  Forge, Probe x2  
  99  6:42  Zealot  
  99  6:43  Zealot  
  99  6:46  Probe, Assimilator  
  104  6:51  Probe  
  106  6:54  Probe  
  106  6:58  Probe  
  106  6:59  Zealot x5  
  118  7:09  Observer  
  118  7:18  Nexus  
  118  7:20  Pylon  
  118  7:21  Pylon  
  118  7:24  Pylon  
  118  7:26  Zealot x3  
  125  7:30  Observer  
  125  7:35  Pylon  
  125  7:36  Pylon  
  123  7:37  Pylon  
  109  7:53  High Templar x2  
  109  7:54  Zealot x3  
  109  7:55  Zealot x2  
  119  7:58  Archon  
  119  8:04  Probe  
  118  8:15  Gateway, Stalker x5  
  118  8:17  Gateway  
  118  8:19  Gateway  
  124  8:22  Gateway  
  124  8:24  Probe  
  124  8:25  Probe  
  124  8:30  Photon Cannon  
  124  8:41  Stalker x5  
  128  8:42  High Templar x2  
Show
View Real Time Build Order
Export as new Build Order

Subwayeatn Protoss 

Build Orders:  

Get SALT Encoding   

  12  0:00  SCV  
  13  0:12  SCV  
  14  0:18  Supply Depot  
  14  0:24  SCV  
  15  0:39  SCV  
  16  0:45  Barracks  
  16  0:48  Refinery  
  16  0:51  SCV  
  17  1:04  SCV  
  18  1:16  SCV  
  19  1:34  Supply Depot  
  19  1:38  Orbital Command  
  18  1:50  Barracks Reactor  
  18  1:55  Command Center  
  18  2:04  SCV  
  19  2:16  SCV  
  19  2:21  Refinery  
  20  2:26  Marine x2  
  20  2:28  SCV  
  23  2:41  SCV  
  24  2:44  Marine x2  
  24  2:46  Bunker  
  26  2:53  SCV  
  27  2:59  Barracks  
  27  3:00  Barracks  
  27  3:02  Marine x2  
  27  3:05  SCV  
  30  3:10  Orbital Command  
  30  3:20  SCV  
  31  3:28  Orbital Command  
  31  3:33  SCV  
  31  3:34  Marine x2  
  34  3:46  SCV  
  35  3:50  Barracks Tech Lab  
  35  3:53  Barracks Tech Lab  
  35  3:55  Marine x2  
  36  3:58  SCV  
  36  3:59  SCV  
  38  4:09  Supply Depot  
  37  4:10  SCV  
  37  4:11  SCV  
  39  4:22  SCV  
  39  4:23  SCV  
  41  4:25  Marauder x2  
  41  4:27  Combat Shield  
  41  4:29  Marine  
  41  4:30  Marine  
  47  4:34  SCV  
  47  4:35  SCV  
  49  4:38  Supply Depot  
  49  4:46  SCV  
  49  4:47  SCV  
  49  4:49  Marauder, Marine  
  54  4:53  Refinery  
  54  4:56  Supply Depot  
  54  5:00  Marauder, Marine, SCV x2  
  54  5:01  Supply Depot  
  59  5:07  Marine  
  59  5:12  SCV x2  
  62  5:30  SCV x2  
  62  5:33  Engineering Bay  
  64  5:37  Barracks  
  64  5:38  Marine x2  
  64  5:39  Marauder x2  
  64  5:40  Barracks  
  64  5:42  SCV x2  
  72  5:44  Factory  
  72  5:45  Refinery  
  72  5:54  SCV x2  
  72  5:55  Marine  
  72  5:56  Marine  
  76  6:00  Marauder  
  78  6:08  SCV  
  78  6:11  SCV  
  78  6:24  SCV  
  78  6:25  SCV  
  78  6:31  Barracks Tech Lab  
  76  6:33  Barracks Tech Lab  
  76  6:34  Barracks Tech Lab  
  76  6:35  Barracks Reactor  
  76  6:39  SCV x2  
  72  6:46  Marine x2  
  74  6:50  Supply Depot  
  74  6:51  SCV x2  
  76  7:03  SCV x2  
  76  7:04  Stimpack  
  76  7:05  Supply Depot, Concussive Shells  
  78  7:12  Marauder x3, Marine x2  
  78  7:13  Supply Depot  
  86  7:26  Marine x2, SCV x2  
  86  7:29  Supply Depot, Marine x2  
  90  7:34  Marauder  
  90  7:35  Marauder x2, Supply Depot, Engineering Bay  
  93  7:38  SCV  
  93  7:39  SCV  
  89  7:44  Marine x2  
  89  7:47  Marine x2  
  89  7:51  Supply Depot, SCV x2  
  83  7:55  Marauder  
  83  7:56  Marauder x2  
  83  7:58  Supply Depot  
  83  8:00  Factory Tech Lab  
  83  8:02  Marine x2  
  83  8:03  SCV x2  
  83  8:05  Marine x2  
  75  8:14  Supply Depot  
  75  8:15  SCV  
  75  8:16  Marauder  
  75  8:17  Marauder x2  
  78  8:20  Marine x2  
  78  8:23  Marine  
  67  8:27  Marine, SCV  
  59  8:37  Supply Depot  
Show
View Real Time Build Order
Export as new Build Order

Dan Terran 

Build Orders:  

Get SALT Encoding   

Show
View Real Time Build Order
Export as new Build Order

fiddlermcgee Terran 

Build Orders:  

Get SALT Encoding   

Tags
 
Add a new tag
Caveats
  • Supply blocks, unpowered buildings, or Contaminate may cause inaccurate times.
  • Supply counts are checked every 10 seconds.